 Dungeon Crawl Stone Soup version 0.32-a0-893-gf85d74f360 (webtiles) character file.

Game seed: 10852387993504046871

997 Leszczynek the Cudgeller (level 8, -2/87 HPs)
             Began as an Oni Warper on Apr 3, 2024.
             Slain by a gnoll
             ... wielding a +0 flail
              (9 damage)
             ... on level 5 of the Dungeon.
             The game lasted 00:14:56 (2615 turns).

Leszczynek the Cudgeller (Oni Warper)               Turns: 2615, Time: 00:14:57

Health: -2/87      AC:  6    Str: 16    XL:     8   Next: 19%
Magic:  11/11      EV:  9    Int: 14    God:
Gold:   148        SH:  0    Dex: 10    Spells: 11/11 levels left

rFire   . . .        s - +2 quarterstaff (chaos)
rCold   + . .        (shield currently unavailable)
rNeg    . . .        e - +1 animal skin
rPois   .            (helmet restricted)
rElec   .            n - +1 cloak
rCorr   .            (gloves unavailable)
SInv    .            (boots unavailable)
Will    .....        (no amulet)
Stlth   +            t - ring of protection from cold
HPRegen 0.34/turn    (no ring)
MPRegen 0.12/turn

%: no passive effects
@: no status effects
A: large, unfitting armour, horns 1, tough skin 1, double potion healing,
drunken brawling
a: no special abilities


You were on level 5 of the Dungeon.
You visited 1 branch of the dungeon, and saw 5 of its levels.

You collected 148 gold pieces.

Inventory:

Hand Weapons
 a - a +0 mace
 f - a +2 hand axe of freezing
 i - a +0 flail
 k - a +0 quarterstaff
 s - a +2 quarterstaff of chaos (weapon)
Missiles
 d - 7 darts of dispersal (quivered)
 h - 2 javelins
Armour
 e - a +1 animal skin (worn)
 n - a +1 cloak (worn)
Jewellery
 t - a ring of protection from cold (left hand)
Wands
 b - a wand of mindburst (16)
 v - a wand of digging (2)
Scrolls
 l - 2 scrolls of revelation {unknown}
 p - a scroll of vulnerability {unknown}
 q - 2 scrolls of enchant weapon
 u - a scroll of brand weapon {unknown}
Potions
 c - a potion of invisibility {unknown}
 g - a potion of brilliance
 j - 4 potions of lignification {!q}
 m - 3 potions of haste
 o - a potion of heal wounds {unknown}
 r - a potion of degeneration {unknown}


   Skills:
 + Level 7.5 Fighting
 * Level 7.8 Maces & Flails
 - Level 1.0 Throwing
 - Level 2.1 Dodging
 - Level 2.4 Spellcasting
 - Level 2.6 Translocations


You had 11 spell levels left.
You didn't know any spells.
Your spell library contained the following spells:

 Spells                   Type           Power      Damage    Failure   Level
 Blink                    Tloc           18%        N/A       12%         2
 Lesser Beckoning         Tloc           18%        N/A       12%         2
 Maxwell's Portable Pile  Tloc           9%         2d(6-16)  22%         3
 Teleport Other           Tloc           9%         N/A       22%         3
 Vhi's Electric Charge    Tloc/Air       10%        N/A       78%         4


Dungeon Overview and Level Annotations

Branches:
Dungeon (5/15)
 Temple: D:4-7

Altars:
Cheibriados
Elyvilon


Innate Abilities, Weirdness & Mutations

You are too large for most types of armour.
You have a pair of small horns on your head.
You have tough skin. (AC +1)
You gain doubled healing and magic from potions.
Whenever you drink a healing potion, you attack all around you.


Message History

The gnoll closely misses you.
You hit the gnoll. You burn the gnoll. Your headbutt misses the gnoll.
The gnoll is heavily wounded.
The gnoll hits you with a +2 vampiric halberd!
The gnoll barely misses you.
You sock the gnoll!
You kill the gnoll!
The gnoll hits you with a +0 flail.
You are too injured to fight recklessly!
You hit the gnoll. You drain the gnoll.
You headbutt the gnoll, but do no damage.
The gnoll is severely wounded.
The gnoll hits you with a +0 whip.
You closely miss the gnoll. The gnoll hits you with a +0 flail.
You barely miss the gnoll.
You headbutt the gnoll, but do no damage.
The gnoll hits you with a +0 flail.
You hit the gnoll.
The gnoll flies into a frenzy!
The gnoll is moderately wounded.
The gnoll hits you with a +0 flail!
* * * LOW HITPOINT WARNING * * *
The gnoll hits the gnoll with a +0 whip.
You hit the gnoll but do no damage. You headbutt the gnoll.
The gnoll is severely wounded.
The gnoll hits the gnoll with a +0 flail.
The gnoll dies!
The gnoll hits you with a +0 flail.
* * * LOW HITPOINT WARNING * * *
You closely miss the gnoll. You headbutt the gnoll.
The gnoll is severely wounded.
The gnoll misses you. The gnoll closely misses you.
Unknown command.
The gnoll shouts!
The gnoll hits you with a +0 flail.
* * * LOW HITPOINT WARNING * * *
Aiming: Mindburst
Press: ? - help, Shift-Dir - straight line, f - gnoll
Aim: a gnoll, wielding a +0 flail (severely wounded, fast, strong, frenzied and wild, chance to affect: 72%)
The gnoll struggles to resist.
The gnoll hits you with a +0 flail!
You die...

≈≈....# # ###.#... ....###
#.#.#.ß.. ....###
......... #. ......#
......###.... ...####
#.ß)....... ...#### #.# .#
......############.##...#
...#..)..........g........
...#............@...#.....
...#...................##.
...#.#.....####..>.....#
...#.#.....# ####..#..#
...#.#.....# ....#.#
####.#.....# ..#.#.# #
#.#.....# .#.# # # #.....#
.###.. .
####+#.....###.....#


You could see a neutral gnoll (fast, strong, frenzied).

Vanquished Creatures
  Pikel (D:4)
  An ice beast (D:4)
  A black bear (D:5)
  4 lemures (D:4)
  A scorpion (D:4)
  A jelly (D:5)
  Crazy Yiuf (D:4)
  Ijyb (D:5)
  2 iguanas (D:4)
  An orc wizard (D:5)
  Robin (D:5)
  2 gnolls (D:5)
  3 adders
  A dart slug (D:2)
  7 orcs
  5 endoplasms
  4 giant cockroaches
  9 goblins
  5 hobgoblins
  2 jackals (D:1)
  7 kobolds
  2 quokkas
  6 ball pythons
  2 bats (D:1)
  A frilled lizard (D:2)
  3 rats
74 creatures vanquished.

Vanquished Creatures (collateral kills)
  A gnoll (D:5)
1 creature vanquished.

Grand Total: 75 creatures vanquished

Notes
Turn   | Place    | Note
-------+----------+-------------------------------------------
     0 | D:1      | Leszczynek the Oni Warper began the quest for the Orb.
     0 | D:1      | Reached XP level 1. HP: 22/22 MP: 3/3
    10 | D:1      | okay, maybe i'll actually try this time
    22 | D:1      | Upgraded the game from 0.32-a0-886-g41c5271027 to
                  | 0.32-a0-893-gf85d74f360
   257 | D:1      | Reached skill level 3 in Fighting
   288 | D:1      | Reached XP level 2. HP: 29/31 MP: 5/5
   576 | D:2      | Reached skill level 3 in Maces & Flails
   644 | D:2      | Reached XP level 3. HP: 37/37 MP: 6/6
   936 | D:3      | Noticed a phantom
   955 | D:3      | HP: 5/39 [phantom (5)]
   958 | D:3      | HP: 1/39 [phantom (5)]
  1166 | D:3      | Reached XP level 4. HP: 48/48 MP: 7/7
  1313 | D:3      | Found a white marble altar of Elyvilon.
  1442 | D:3      | Reached skill level 4 in Fighting
  1483 | D:4      | Reached skill level 4 in Maces & Flails
  1509 | D:4      | Reached XP level 5. HP: 18/55 MP: 8/8
  1602 | D:4      | HP: 11/55 [poisoned by an adder]
  1858 | D:4      | Found a runed translucent door.
  1859 | D:4      | Noticed Crazy Yiuf
  1866 | D:4      | Killed Crazy Yiuf
  1900 | D:4      | Reached skill level 5 in Fighting
  1900 | D:4      | Reached skill level 5 in Maces & Flails
  1921 | D:4      | Noticed a lemure
  1921 | D:4      | Noticed a lemure
  1921 | D:4      | Noticed a lemure
  1921 | D:4      | Noticed a lemure
  1921 | D:4      | Noticed Pikel
  1935 | D:4      | Killed a lemure
  1939 | D:4      | Killed a lemure
  1947 | D:4      | Killed a lemure
  1961 | D:4      | Killed a lemure
  2113 | D:4      | Killed Pikel
  2114 | D:4      | Reached skill level 6 in Fighting
  2114 | D:4      | Reached skill level 6 in Maces & Flails
  2114 | D:4      | Reached XP level 6. HP: 42/68 MP: 9/9
  2114 | D:4      | Reached XP level 7. HP: 47/76 MP: 10/10
  2219 | D:5      | Entered Level 5 of the Dungeon
  2229 | D:5      | Reached skill level 7 in Maces & Flails
  2283 | D:5      | Noticed Robin
  2284 | D:5      | Noticed Ijyb
  2309 | D:5      | Killed Robin
  2356 | D:5      | Killed Ijyb
  2357 | D:5      | Reached skill level 7 in Fighting
  2418 | D:4      | Reached XP level 8. HP: 56/87 MP: 11/11
  2471 | D:5      | Found a snail-covered altar of Cheibriados.
  2610 | D:5      | HP: 17/87 [gnoll/+0 flail (10)]
  2614 | D:5      | HP: 6/87 [gnoll/+0 flail (6)]
  2615 | D:5      | Slain by a gnoll

Illustrated notes

##### ##### #
#...# #...# #..
#.^.# #.♣.#
#...###...###...#
................#
.......@......<.#
................#
#...###...###...#
#.. #.^.# #.♣.# #
#...# #...# #####
#####


Turn 10 on D:1: okay, maybe i'll actually try this time

Levels and vault maps discovered:
D:1:      minmay_arrival_hallway, layout_basic, minmay_misc_feat_pillars
D:2:      layout_basic
D:3:      layout_loops_ring, elyvilon_altar_3
D:4:      layout_loops_cross, uniq_crazy_yiuf_cottage, uniq_pikel
D:5:      layout_basic, mainiacjoe_overflow_catwalk,
          mainiacjoe_overflow_brackets, minitemple, nicolae_goblin_pals

Skill      XL: |  1  2  3  4  5  6  7 |
---------------+----------------------+-----
Fighting       | 3 4 6 7 |  7.5
Maces & Flails | 3 4 6 7 |  7.8
Throwing       | |  1.0
Dodging        | |  2.1
Spellcasting   | |  2.4
Translocations | |  2.6

Action                     |  1- 3 |  4- 6 |  7- 9 || total
---------------------------+-------+-------+-------++-------
  Melee: Mace              |    85 |       |       ||    85
         Headbutt          |    12 |     9 |    11 ||    32
         Quarterstaff      |    17 |    85 |    46 ||   148
         Hand axe          |       |     7 |       ||     7
  Evoke: Wand              |       |       |     1 ||     1
    Use: Scroll            |     2 |       |     3 ||     5
         Potion            |     2 |       |       ||     2
   Stab: Sleeping          |     1 |       |       ||     1
 Armour: Robe              |    77 |    62 |    31 ||   170
         Animal skin       |       |       |    20 ||    20
  Dodge: Dodged            |    55 |    35 |    15 ||   105

Table legend: (Time is in decaauts)
 A = Elapsed time spent in this place.
 B = Non-inter-level travel time spent in this place.
 C = Inter-level travel time spent in this place.
 D = Time resting spent in this place.
 E = Time spent auto-exploring this place.
 F = Levels seen in this place.
 G = Mean time per level.
                   A        B        C        D        E       F      G
               +--------+--------+--------+--------+--------+-----+--------+
         Total |   2664 |   2424 |    240 |    287 |      0 |   5 |  532.8 |
       Dungeon |   2664 |   2424 |    240 |    287 |      0 |   5 |  532.8 |
               +--------+--------+--------+--------+--------+-----+--------+

Top non-repeatable levels by time:
     D:3: 735 daAuts
     D:4: 720 daAuts
     D:1: 512 daAuts
     D:2: 355 daAuts
     D:5: 341 daAuts
